 Dungeon Crawl Stone Soup version 0.28-a0-1518-gbe868bca14 (webtiles) character file.

Game seed: 11939330887115573416

273 bande the Covered (level 6, -1/38 HPs)
             Began as a Gargoyle Fighter on Jan 16, 2022.
             Slain by a black bear (3 damage)
             ... on level 4 of the Dungeon.
             The game lasted 00:05:33 (4122 turns).

bande the Covered (Gargoyle Fighter)                Turns: 4122, Time: 00:05:34

Health: -1/38      AC: 14    Str: 19    XL:     6   Next: 23%
Magic:  6/6        EV:  9    Int:  9    God:
Gold:   90         SH:  6    Dex: 11    Spells: 5/5 levels left

rFire   . . .      SeeInvis .   a - +0 war axe
rCold   . . .      Faith    .   j - +2 buckler
rNeg    + . .      Spirit   .   b - +0 scale mail
rPois   ∞          Reflect  .   g - +0 helmet
rElec   +          Harm     .   (no cloak)
rCorr   .          Rampage  .   (no gloves)
Will    .....                   f - +0 pair of boots
Stlth   ..........              (no amulet)
HPRegen 0.12/turn               (no ring)
MPRegen 0.10/turn               (no ring)

@: mighty
A: sickness immunity, AC +4, negative energy resistance 1, electricity
resistance, torment resistance 1, petrification resistance
a: no special abilities


You were on level 4 of the Dungeon.
You visited 1 branch of the dungeon, and saw 4 of its levels.

You collected 90 gold pieces.

Inventory:

Hand Weapons
 a - a +0 war axe (weapon)
Armour
 b - a +0 scale mail (worn)
 f - a +0 pair of boots (worn)
 g - a +0 helmet (worn)
 j - a +2 buckler (worn)
Jewellery
 e - a ring of see invisible
Wands
 i - a wand of flame (24)
 k - a wand of iceblast (9)
Scrolls
 h - a scroll of magic mapping
Potions
 c - a potion of brilliance {unknown}


   Skills:
 + Level 4.3 Fighting
 + Level 3.7 Axes
 + Level 4.5 Armour
 + Level 4.0 Shields
 * Level 1.4 Evocations


You had 5 spell levels left.
You didn't know any spells.
Your spell library was empty.

Dungeon Overview and Level Annotations

Branches:
Dungeon (4/15)             Temple (0/1) D:4

Altars:
Xom


Innate Abilities, Weirdness & Mutations

You are immune to sickness and miasma.
Your stone body is resilient. (AC +4)
You are immune to poison.
You resist negative energy. (rN+)
You are resistant to electric shocks. (rElec)
You are resistant to unholy torment.
You are immune to petrification.


Message History

You hear some strange, mumbled words.
A puff of flame appears from out of thin air!
The puff of flame hits you!
You hit something. You block something's attack.
A black bear comes into view.
Something hits you but does no damage.
You slash something!
Reactivating autopickup.
You feel a bit more experienced.
Things that are here:
a +3 dagger; a +0 robe; a scroll labelled FUECOG DEANAT
There is an open door here.
You completely miss the black bear. The black bear barely misses you.
The black bear completely misses you. You block the black bear's attack.
You slash the black bear!
The black bear is heavily wounded.
The black bear bites you. The black bear completely misses you.
The black bear barely misses you. You block the black bear's attack.
The black bear claws you but does no damage.
You block the black bear's attack.
You closely miss the black bear.
The black bear is heavily wounded.
The black bear bites you.
* * * LOW HITPOINT WARNING * * *
You block the black bear's attack.
The black bear claws you but does no damage.
You feel very mighty all of a sudden. The black bear bites you.
* * * LOW HITPOINT WARNING * * *
The black bear barely misses you.
The black bear claws you but does no damage.
You barely miss the black bear.
The black bear is heavily wounded.
The black bear bites you.
* * * LOW HITPOINT WARNING * * *
The black bear claws you but does no damage.
The black bear claws you.
* * * LOW HITPOINT WARNING * * *
You block the black bear's attack. The black bear claws you.
You die...

#........#,*,*****#.......*
#....=...#,,,* #...##.#*
#........###** #...##.#
###......).# #...##.########
###........# #.#............
...........# #.#.##.########
...........# #.......<......
...........###########.#...#..###
...........'...h@......#...#...#
...........###......##.#...##..#
...........# #......##.#.(.##..#
...........# #.....†##.#.......#
...........# #......##.#.#...#.#
############ #......##...#.#.#.#
#......##...#.#.#.#
#......##...#.#.#.#
#......##.#>###.#.#


You could see a black bear.

Vanquished Creatures
  A phantom (D:4)
  Ijyb (D:3)
  An orc wizard (D:4)
  Robin (D:2)
  6 adders
  A worm (D:2)
  3 dart slugs
  3 orcs (D:4)
  5 endoplasms
  2 giant cockroaches
  10 goblins
  7 hobgoblins
  5 jackals
  A quokka (D:4)
  9 ball pythons
  5 bats
  3 frilled lizards
  8 kobolds
  5 rats
77 creatures vanquished.

Notes
Turn   | Place    | Note
-------+----------+-------------------------------------------
     0 | D:1      | bande the Gargoyle Fighter began the quest for the Orb.
     0 | D:1      | Reached XP level 1. HP: 14/14 MP: 1/1
    91 | D:1      | Reached XP level 2. HP: 19/19 MP: 2/2
  1168 | D:2      | Noticed Robin
  1406 | D:1      | Reached XP level 3. HP: 21/24 MP: 3/3
  1696 | D:2      | Killed Robin
  1786 | D:2      | Found a shimmering altar of Xom.
  1945 | D:2      | Reached XP level 4. HP: 29/29 MP: 4/4
  2741 | D:3      | Noticed Ijyb
  2763 | D:3      | Killed Ijyb
  2764 | D:3      | Reached XP level 5. HP: 10/33 MP: 5/5
  3668 | D:3      | Reached skill level 1 in Evocations
  3995 | D:4      | Noticed a phantom
  4007 | D:4      | Killed a phantom
  4008 | D:4      | Reached XP level 6. HP: 29/38 MP: 6/6
  4098 | D:4      | Noticed a black bear
  4122 | D:4      | Slain by a black bear

Illustrated notes

Levels and vault maps discovered:
D:1:      dpeg_arrival_stone_temple_mockup, layout_basic,
          chequers_serial_rivers_micro_e
D:2:      layout_loops_ring, basic_altar, uniq_robin
D:3:      layout_basic, grunt_ministairs_13, uniq_ijyb
D:4:      layout_basic, minmay_temple_entry_butterflies, uniq_pikel,
          uniq_blork_the_orc, uniq_menkaure

Skill      XL: |  1  2  3  4  5 |
---------------+----------------+-----
Axes           | 2 3 |  3.7
Armour         | 4 |  4.5
Fighting       | 4 |  4.3
Evocations     | 1 |  1.4
Shields        | 4 |  4.0

Action                   |  1- 3 |  4- 6 || total
-------------------------+-------+-------++-------
Melee: War axe           |   109 |   164 ||   273
  Use: Scroll            |       |     2 ||     2
       Potion            |       |     1 ||     1
Armor: Scale mail        |    99 |    88 ||   187
Dodge: Dodged            |    72 |    74 ||   146
Block: Buckler           |    18 |    54 ||    72

Table legend: (Time is in decaauts)
 A = Elapsed time spent in this place.
 B = Non-inter-level travel time spent in this place.
 C = Inter-level travel time spent in this place.
 D = Time resting spent in this place.
 E = Time spent auto-exploring this place.
 F = Levels seen in this place.
 G = Mean time per level.
                   A        B        C        D        E       F      G
               +--------+--------+--------+--------+--------+-----+--------+
         Total |   4240 |   4217 |     23 |    651 |   2722 |   4 | 1060.0 |
       Dungeon |   4240 |   4217 |     23 |    651 |   2722 |   4 | 1060.0 |
               +--------+--------+--------+--------+--------+-----+--------+

Top non-repeatable levels by time:
     D:1: 1591 daAuts
     D:2: 1331 daAuts
     D:3: 1088 daAuts
     D:4: 228 daAuts
